 Dungeon Crawl Stone Soup version 0.30-a0-459-g9104f0fc43 (webtiles) character file.

Game seed: 4353323577240534786

3 LnG the Caller (level 1, -5/10 HPs)
             Began as a Kobold Summoner on Dec 15, 2022.
             Slain by a gnoll
             ... wielding a +1 flail of holy wrath
              (15 damage)
             ... on level 1 of the Dungeon.
             The game lasted 00:02:34 (106 turns).

LnG the Caller (Kobold Summoner)                     Turns: 106, Time: 00:02:34

Health: -5/10      AC:  2    Str:  5    XL:     1   Next: 55%
Magic:  3/3        EV: 15    Int: 16    God:
Gold:   0          SH:  0    Dex: 15    Spells: 3/4 levels left

rFire   . . .      SeeInvis .    c - +0 arbalest
rCold   . . .      Faith    .    (shield currently unavailable)
rNeg    . . .      Spirit   .    a - +0 robe
rPois   .          Reflect  .    (no helmet)
rElec   .          Harm     .    (no cloak)
rCorr   .          Rampage  .    (no gloves)
Will    .....                    (no boots)
Stlth   +++.......               (no amulet)
HPRegen 0.21/turn                (no ring)
MPRegen 0.08/turn                (no ring)

@: no status effects
A: small, no large weapons, nightstalker 3
a: no special abilities


You were on level 1 of the Dungeon.
You visited 1 branch of the dungeon, and saw 1 of its levels.

Inventory:

Hand Weapons
 c - a +0 arbalest (weapon)
Armour
 a - a +0 robe (worn)
Potions
 b - a potion of magic


   Skills:
 + Level 2.4 Dodging
 + Level 2.9 Stealth
 + Level 2.3 Spellcasting
 + Level 4.0 Summonings


You had 3 spell levels left.
You knew the following spells:

 Your Spells              Type           Power      Damage    Failure   Level
a - Summon Small Mammal   Summ           56%        N/A       3%          1

Your spell library contained the following spells:

 Spells                   Type           Power      Damage    Failure   Level
 Call Imp                 Summ           14%        N/A       6%          2
 Call Canine Familiar     Summ           14%        N/A       12%         3
 Summon Guardian Golem    Hex/Summ       8%         N/A       26%         3
 Summon Lightning Spire   Summ/Air       8%         N/A       65%         4


Dungeon Overview and Level Annotations

Branches:
Dungeon (1/15)

Altars:


Innate Abilities, Weirdness & Mutations

You are small and have problems with some larger weapons.
You are completely attuned to the shadows.


Message History

Your bat hits the endoplasm but does no damage.
The endoplasm hits your rat.
Your rat bites the endoplasm.
Your bat disappears in a puff of smoke!
The endoplasm barely misses you.
Your rat completely misses the endoplasm.
You hit the endoplasm but do no damage.
The endoplasm is severely wounded.
The endoplasm barely misses you.
Your rat bites the endoplasm.
You hit the endoplasm but do no damage.
The endoplasm is almost dead.
The endoplasm closely misses you.
Your rat bites the endoplasm.
The endoplasm dies!
Magic restored.
A ball python comes into view.
The helpless ball python fails to defend itself.
You hit the ball python.
The ball python is severely wounded.
The ball python barely misses you. x2
You hit the ball python but do no damage.
The ball python is severely wounded.
The ball python closely misses you. The ball python misses you.
The ball python closely misses you. The ball python misses you.
You hit the ball python.
You kill the ball python!
No target in view!
Your rat disappears in a puff of smoke!
Found an arbalest.
Found a robe.
You see here a +0 arbalest.
c - a +0 arbalest
c - a +0 arbalest (weapon)
A gnoll comes into view.
It is wielding a +1 flail of holy wrath.
You shoot a bolt. The bolt hits the gnoll!
The gnoll shouts!
The gnoll is severely wounded.
You hear an angry hiss.
You shoot a bolt. The bolt completely misses the gnoll.
The gnoll hits you with a +1 flail of holy wrath!
Ouch! That really hurt!
You die...

....#
#.#.#
#.#.#
####.#g#
.....@.#
..##.###
.... ..
#.#
...###..#.
#. #.#
..........
#.##.##
.##..##.#.
......#
..........
[.....#
.###......
.....#####
## #..#...
...#......


You could see a gnoll.

Vanquished Creatures
  A ball python (D:1)
1 creature vanquished.

Vanquished Creatures (collateral kills)
  An endoplasm (D:1)
  A giant cockroach (D:1)
2 creatures vanquished.

Grand Total: 3 creatures vanquished

Notes
Turn   | Place    | Note
-------+----------+-------------------------------------------
     0 | D:1      | LnG the Kobold Summoner began the quest for the Orb.
     0 | D:1      | Reached XP level 1. HP: 10/10 MP: 3/3
   106 | D:1      | Slain by a gnoll

Illustrated notes

Levels and vault maps discovered:
D:1:      ebering_trefoil_3fold, layout_basic, chequers_serial_rivers_marsh

Action                   || total
-------------------------++-------
Melee: Unarmed           ||    21
       Punch             ||     1
 Fire: Arbalest          ||     2
 Cast: Summon Small Mamm ||     3
 Stab: Sleeping          ||     2
Armor: Robe              ||     4
Dodge: Dodged            ||    20

Table legend: (Time is in decaauts)
 A = Elapsed time spent in this place.
 B = Non-inter-level travel time spent in this place.
 C = Inter-level travel time spent in this place.
 D = Time resting spent in this place.
 E = Time spent auto-exploring this place.
 F = Levels seen in this place.
 G = Mean time per level.
                   A        B        C        D        E       F      G
               +--------+--------+--------+--------+--------+-----+--------+
         Total |    107 |     96 |     11 |     21 |     19 |   1 |  107.0 |
       Dungeon |    107 |     96 |     11 |     21 |     19 |   1 |  107.0 |
               +--------+--------+--------+--------+--------+-----+--------+

Top non-repeatable levels by time:
     D:1: 107 daAuts
